AoeStats
← Fränk

African Clearing

505290566Analyzed
4v4 RM · 23d ago on Sep 8, 2026· 44m 21s· 8 players
Game mode
Random Map
Map size
Large (8 player)
Population
200
Speed
Normal
Resources
Standard
Victory
Conquest
Starting age
Dark Age
Ending age
Imperial Age
RankedLock teamsTeams togetherTeam positionsShared explorationLock speedFull tech treeHidden civsTurbo modeCheats
Victory
Defeat
🇦🇷 Vietnamese · Argentina
1469
+10
🇲🇴 Maya · Macao SAR China
1430
+11
🇬🇧 Britons · United Kingdom
1416
+12
🇦🇷 Huns · Argentina
1392
+13
🇩🇪 Huns · Germany
1390
-14
🇩🇪 Magyars · Germany
1332
-12
🇩🇪 Franks · Germany
1318
-11
🇩🇪 Wei · Germany
1262
-9
不講道德
7:30 Loom
14:14 Feudal Age
19:20 Castle Age
21:29 Fletching
23:46 Town Watch
23:55 Gold Mining
25:14 Bodkin Arrow
28:34 Padded Archer Armor
45:20 Ballistics
不講武德
6:59 Loom
12:45 Feudal Age
13:14 Double-Bit Axe
13:11 Horse Collar
19:48 Wheelbarrow
19:57 Bloodlines
19:54 Scale Barding Armor
24:42 Castle Age
22:47 Gold Mining
23:27 Fletching
24:24 Padded Archer Armor
25:44 Bow Saw
25:36 Heavy Plow
26:51 Husbandry
28:18 Bodkin Arrow
28:45 Ballistics
30:27 Stone Mining
30:59 Town Watch
33:29 Stone Shaft Mining
33:59 Hand Cart
39:42 Imperial Age
38:14 Chain Barding Armor
38:05 Forging
38:41 Leather Archer Armor
38:14 Light Cavalry
41:41 Chemistry
40:42 Bracer
41:12 Ring Archer Armor
40:52 Thumb Ring
40:12 Heavy Cavalry Archer
42:11 Chatras
42:44 Paper Money
42:18 Capped Ram
不講醫德
6:31 Loom
13:51 Feudal Age
19:03 Castle Age
19:55 Scale Barding Armor
19:49 Double-Bit Axe
24:00 Bloodlines
27:17 Chain Barding Armor
29:18 Light Cavalry
35:50 Stone Mining
35:50 Gold Mining
Lishen
4:42 Loom
13:08 Feudal Age
17:25 Castle Age
15:39 Double-Bit Axe
19:25 Bow Saw
21:44 Horse Collar
24:25 Forging
25:22 Scale Barding Armor
28:58 Wheelbarrow
28:09 Town Watch
28:33 Heavy Plow
32:39 Gold Mining
35:47 Chain Barding Armor
37:18 Iron Casting
40:12 Imperial Age
38:00 Hand Cart
37:54 Husbandry
40:29 Cavalier
41:45 Plate Barding Armor
45:27 Blast Furnace
44:32 Fletching
44:55 Padded Archer Armor
45:17 Ballistics
BobLoggIII
4:28 Loom
15:57 Feudal Age
18:02 Fletching
19:40 Double-Bit Axe
20:07 Horse Collar
20:38 Town Watch
23:04 Wheelbarrow
24:57 Gold Mining
27:13 Castle Age
27:24 Scale Barding Armor
29:18 Forging
29:23 Bow Saw
29:15 Heavy Plow
30:56 Chain Barding Armor
31:24 Hand Cart
36:59 Bodkin Arrow
37:40 Iron Casting
40:06 Ballistics
Chielch
10:58 Loom
13:24 Feudal Age
18:50 Bloodlines
18:52 Double-Bit Axe
24:17 Castle Age
22:44 Fletching
24:25 Scale Mail Armor
31:45 Pikeman
33:58 Padded Archer Armor
35:49 Horse Collar
36:06 Gold Mining
37:15 Stone Mining
38:28 Wheelbarrow
42:41 Bodkin Arrow
45:55 Imperial Age
44:01 Thumb Ring
itzhackingpvp
9:01 Loom
11:25 Feudal Age
13:21 Scale Barding Armor
14:08 Horse Collar
20:39 Castle Age
19:18 Double-Bit Axe
19:54 Bloodlines
21:54 Husbandry
22:13 Gold Mining
24:21 Wheelbarrow
25:37 Hand Cart
28:27 Chain Barding Armor
38:31 Bow Saw
Fränk
4:58 Loom
14:31 Feudal Age
22:14 Castle Age
20:56 Scale Barding Armor
23:44 Wheelbarrow
22:58 Double-Bit Axe
29:24 Husbandry
33:54 Hand Cart
43:02 Imperial Age
43:11 Cavalier
Connection lost

Rejoining the realm…

Still unreachable

The connection could not be restored.

Session expired

The server has moved on; the page needs a fresh start.